 Dungeon Crawl Stone Soup version 0.31-a0-1074-g0b22e4e0f1 (webtiles) character file.

Game seed: 2658423993484029092

79 grandjackal the Trooper (level 4, -2/48 HPs)
             Began as an Ogre Warper on Nov 29, 2023.
             Slain by a gnoll
             ... wielding a +0 halberd
             ... led by a gnoll sergeant
              (10 damage)
             ... on level 3 of the Dungeon.
             The game lasted 00:02:22 (2023 turns).

grandjackal the Trooper (Ogre Warper)               Turns: 2023, Time: 00:02:22

Health: -2/48      AC:  3    Str: 15    XL:     4   Next: 38%
Magic:  9/9        EV:  9    Int: 16    God:
Gold:   95         SH:  0    Dex:  8    Spells: 3/9 levels left

rFire   . . .        a - +0 mace
rCold   . . .        (no shield)
rNeg    . . .        b - +0 robe
rPois   .            (helmet restricted)
rElec   .            (no cloak)
rCorr   .            (gloves unavailable)
SInv    .            (boots unavailable)
Will    .....        (no amulet)
Stlth   +            (no ring)
HPRegen 0.28/turn    (no ring)
MPRegen 0.11/turn

%: no passive effects
@: no status effects
A: large, unfitting armour, tough skin 1
a: no special abilities


You were on level 3 of the Dungeon.
You visited 1 branch of the dungeon, and saw 3 of its levels.

You collected 95 gold pieces.

Inventory:

Hand Weapons
 a - a +0 mace (weapon)
Missiles
 d - 7 darts of dispersal (quivered)
Armour
 b - a +0 robe (worn)
Scrolls
 c - a scroll of blinking
 e - 3 scrolls of identify {unknown}
 g - a scroll of revelation {unknown}
 i - a scroll of teleportation {unknown}
Potions
 f - a potion of mutation {unknown}
 h - a potion of resistance {unknown}
 j - 2 potions of curing {unknown}


   Skills:
 + Level 4.1 Fighting
 - Level 2.0 Maces & Flails
 - Level 1.0 Throwing
 - Level 2.1 Dodging
 + Level 3.4 Spellcasting
 + Level 3.3 Translocations


You had 3 spell levels left.
You knew the following spells:

 Your Spells              Type           Power      Damage    Failure   Level
a - Blink                 Tloc           26%        N/A       7%          2
b - Manifold Assault      Tloc           13%        N/A       41%         4

Your spell library contained the following spells:

 Spells                   Type           Power      Damage    Failure   Level
 Lesser Beckoning         Tloc           26%        N/A       7%          2
 Teleport Other           Tloc           13%        N/A       14%         3
 Vhi's Electric Charge    Tloc/Air       16%        N/A       65%         4


Dungeon Overview and Level Annotations

Branches:
Dungeon (3/15)

Altars:
Dithmenos


Innate Abilities, Weirdness & Mutations

You are too large for most types of armour.
You have tough skin. (AC +1)


Message History

There is a stone staircase leading up here.
The gnoll shouts!
There is a stone staircase leading up here.
There are no items here.
You hit the gnoll.
The gnoll is moderately wounded.
The gnoll barely misses you.
You barely miss the gnoll.
The gnoll is moderately wounded.
The gnoll closely misses you.
You completely miss the gnoll.
The gnoll is moderately wounded.
The gnoll hits you with a +0 whip.
You hit the gnoll.
The gnoll is severely wounded.
The gnoll hits you with a +0 whip.
You hit the gnoll.
You kill the gnoll!
No target in view!
You start resting.
Magic restored.
There is a stone staircase leading up here.
The gnoll barely misses you. The gnoll hits you with a +0 halberd!
There is a stone staircase leading up, spattered with blood here.
You barely miss the gnoll. The gnoll hits you with a +0 halberd.
You closely miss the gnoll. Your punch misses the gnoll.
The gnoll barely misses you.
You hit the gnoll.
The gnoll is lightly wounded.
The gnoll hits you with a +0 halberd! The gnoll barely misses you.
You hit the gnoll but do no damage.
The gnoll is lightly wounded.
The gnoll hits you with a +0 halberd.
You hit the gnoll.
The gnoll is moderately wounded.
The gnoll hits you with a +0 halberd!
* * * LOW HITPOINT WARNING * * *
The gnoll hits you with a +0 halberd!
You die...

####).####..........# ......g#
##....#####.######.### ........
............# #.# ##...g#
#..########.# #.# .#.##. ....#
#.######.....### ....##
#......g...#.... .#...##
####..#####.#.#g##.
.#....#########.)g..# #.##.
.......)........@...# #.##.
.#..#.#########.....#########.###
.#..#.### #...............##
#......# ####.######......#
.#......# #......#......#
........# ######.#......#
.##.....### #.#......#
....###...# #.#......#
.......##...# ##.########


You could see a gnoll.

Vanquished Creatures
  A gnoll (D:3)
  3 worms
  4 dart slugs
  4 orcs (D:3)
  5 endoplasms
  A giant cockroach (D:1)
  5 goblins
  4 hobgoblins
  A quokka (D:2)
  4 ball pythons
  6 bats
  2 frilled lizards (D:1)
  3 kobolds
  5 rats
48 creatures vanquished.

Notes
Turn   | Place    | Note
-------+----------+-------------------------------------------
     0 | D:1      | grandjackal the Ogre Warper began the quest for the Orb.
     0 | D:1      | Reached XP level 1. HP: 22/22 MP: 3/3
   123 | D:1      | Reached XP level 2. HP: 22/29 MP: 5/5
   126 | D:1      | Learned a level 2 spell: Blink
   173 | D:1      | Reached skill level 3 in Fighting
   246 | D:1      | Found a faded altar of an unknown god.
   565 | D:1      | Reached XP level 3. HP: 37/37 MP: 7/7
   979 | D:2      | Found a shadowy altar of Dithmenos.
  1657 | D:3      | Reached XP level 4. HP: 47/48 MP: 8/8
  1662 | D:3      | Learned a level 4 spell: Manifold Assault
  1705 | D:3      | Reached skill level 4 in Fighting
  1894 | D:3      | Noticed a gnoll sergeant
  2023 | D:3      | Slain by a gnoll

Illustrated notes

Levels and vault maps discovered:
D:1:      wander_arrival_lonely_grave, layout_basic, basic_ecumenical_altar,
          amcnicky_mini_pool_small
D:2:      layout_loops_cross, basic_altar
D:3:      layout_basic, hellmonk_no_cap

Skill      XL: |  1  2  3  4 |
---------------+-------------+-----
Maces & Flails | 2 |  2.0
Fighting       | 3 4 |  4.1
Translocations | 3 |  3.3
Spellcasting   | 3 |  3.4
Throwing       | |  1.0
Dodging        | |  2.1

Action                     |  1- 3 |  4- 6 || total
---------------------------+-------+-------++-------
  Melee: Mace              |   126 |    29 ||   155
         Punch             |     4 |     1 ||     5
   Cast: Manifold Assault  |       |     2 ||     2
 Armour: Robe              |    99 |    19 ||   118
  Dodge: Dodged            |    57 |    16 ||    73

Table legend: (Time is in decaauts)
 A = Elapsed time spent in this place.
 B = Non-inter-level travel time spent in this place.
 C = Inter-level travel time spent in this place.
 D = Time resting spent in this place.
 E = Time spent auto-exploring this place.
 F = Levels seen in this place.
 G = Mean time per level.
                   A        B        C        D        E       F      G
               +--------+--------+--------+--------+--------+-----+--------+
         Total |   2070 |   1987 |     83 |    354 |   1199 |   3 |  690.0 |
       Dungeon |   2070 |   1987 |     83 |    354 |   1199 |   3 |  690.0 |
               +--------+--------+--------+--------+--------+-----+--------+

Top non-repeatable levels by time:
     D:2: 869 daAuts
     D:1: 731 daAuts
     D:3: 470 daAuts
